AoeStats
← BigCozy101

Arena

509275416Analyzed
3v3 RM · 7d ago on Sep 26, 2026· 38m 41s· 6 players
Game mode
Random Map
Map size
Normal (6 player)
Population
200
Speed
Normal
Resources
Standard
Victory
Conquest
Starting age
Dark Age
Ending age
Imperial Age
RankedLock teamsTeams togetherTeam positionsShared explorationLock speedFull tech treeHidden civsTurbo modeCheats
Victory
Defeat
🇨🇱 Persians · Chile
875
+7
🇭🇰 Chinese · Hong Kong SAR China
858
+8
🇺🇸 Slavs · United States
767
+11
🇺🇸 Burgundians · United States
756
-29
🇺🇸 Britons · United States
621
-9
🇺🇸 Turks · United States
620
-9
Valley of happiness
2:25 Loom
10:53 Feudal Age
13:09 Wheelbarrow
17:02 Castle Age
15:11 Double-Bit Axe
15:50 Horse Collar
16:06 Stone Mining
16:55 Gold Mining
19:26 Bow Saw
20:53 Heavy Plow
25:55 Gold Shaft Mining
25:57 Husbandry
26:03 Town Watch
27:04 Bloodlines
28:39 Scale Barding Armor
29:15 Forging
29:58 Hand Cart
30:10 Chain Barding Armor
31:03 Iron Casting
35:36 Imperial Age
33:41 Caravan
34:02 Fletching
35:42 Elite War Elephant
37:00 Plate Barding Armor
37:29 Two-Man Saw
37:02 Crop Rotation
38:31 Blast Furnace
38:58 Conscription
39:53 Stone Shaft Mining
215825245
0:53 Loom
11:31 Feudal Age
16:26 Castle Age
15:07 Double-Bit Axe
15:06 Horse Collar
31:13 Imperial Age
29:01 Gold Mining
29:06 Stone Mining
29:55 Wheelbarrow
30:48 Bow Saw
31:32 Hand Cart
31:37 Forging
32:34 Heavy Plow
33:39 Conscription
33:34 Bloodlines
33:46 Cavalier
34:28 Husbandry
34:49 Scale Barding Armor
35:21 Iron Casting
35:33 Gold Shaft Mining
38:37 Two-Man Saw
37:49 Caravan
Hazardus Chemikals
2:50 Loom
11:37 Feudal Age
14:39 Town Watch
17:48 Castle Age
17:08 Double-Bit Axe
17:05 Horse Collar
17:25 Gold Mining
17:39 Stone Mining
18:40 Bow Saw
21:35 Wheelbarrow
22:05 Heavy Plow
22:47 Gold Shaft Mining
25:35 Caravan
29:47 Hand Cart
33:52 Imperial Age
32:07 Bloodlines
31:58 Husbandry
31:25 Light Cavalry
32:16 Forging
33:34 Elite Skirmisher
33:51 Pikeman
34:32 Squires
33:56 Man-at-Arms
35:04 Conscription
34:17 Capped Ram
35:36 Fortified Wall
35:42 Masonry
35:29 Murder Holes
37:17 Two-Man Saw
36:22 Elite Boyar
37:18 Long Swordsman
38:36 Iron Casting
38:07 Scale Barding Armor
39:09 Crop Rotation
38:20 Hussar
Jazzbum
10:20 Feudal Age
16:03 Castle Age
14:52 Double-Bit Axe
15:04 Gold Mining
24:14 Bow Saw
26:14 Horse Collar
28:31 Gold Shaft Mining
33:58 Squires
33:56 Arson
34:51 Scale Mail Armor
35:06 Forging
34:27 Man-at-Arms
35:20 Long Swordsman
38:59 Imperial Age
37:30 Chain Mail Armor
37:51 Iron Casting
Gack13579
11:13 Feudal Age
9:29 Loom
12:53 Double-Bit Axe
17:12 Fletching
17:26 Horse Collar
18:07 Gold Mining
21:28 Castle Age
20:17 Stone Mining
22:33 Crossbowman
27:09 Bow Saw
28:01 Heavy Plow
33:47 Fortified Wall
BigCozy101
4:33 Double-Bit Axe
7:30 Loom
7:31 Horse Collar
11:44 Feudal Age
13:16 Town Watch
14:11 Wheelbarrow
14:16 Bow Saw
19:45 Castle Age
18:48 Heavy Plow
19:52 Stone Mining
21:52 Scale Barding Armor
22:03 Forging
24:49 Two-Man Saw
25:49 Gold Mining
28:49 Burgundian Vineyards
34:30 Imperial Age
32:58 Cavalier
33:38 Husbandry
34:07 Squires
34:49 Paladin
36:04 Hand Cart
35:50 Town Patrol
36:24 Pikeman
38:14 Chain Barding Armor
38:33 Iron Casting
Connection lost

Rejoining the realm…

Still unreachable

The connection could not be restored.

Session expired

The server has moved on; the page needs a fresh start.